Map: Blackpink LE

Players

Scarlett - Winner!

  • Race: Zerg Zerg
  • Spawn Location: 1:00

Stephano

  • Race: Zerg Zerg
  • Spawn Location: 7:00

Event: WCS Leipzig 2018

VOD

Have the link to the VOD?

Description

Time

  • Played on: Jan. 26, 2018, 1:19 p.m.
  • Length: 10:27

All games in this series

Show
View Real Time Build Order
Export as new Build Order

Scarlett Zerg - Winner!

Build Orders: Hatch First 

Get SALT Encoding   

  12  0:00  Drone  
  13  0:12  Overlord  
  13  0:18  Drone  
  14  0:32  Drone x2  
  14  0:35  Drone  
  17  0:52  Hatchery  
  17  0:55  Drone  
  18  0:57  Drone  
  18  1:05  Extractor  
  17  1:12  Spawning Pool  
  17  1:15  Drone  
  17  1:19  Drone  
  18  1:28  Drone  
  20  1:40  Drone  
  20  1:50  Overlord  
  20  1:59  Queen  
  22  2:04  Queen  
  22  2:06  Drone x2  
  22  2:07  Metabolic Boost  
  26  2:14  Drone  
  26  2:15  Zergling x2  
  28  2:22  Drone  
  29  2:26  Drone  
  30  2:33  Zergling x2  
  30  2:35  Hatchery  
  30  2:40  Zergling x2  
  31  2:45  Queen  
  31  2:49  Overlord  
  33  2:59  Zergling x2  
  33  3:01  Baneling Nest  
  33  3:11  Drone  
  33  3:12  Drone x2, Zergling x2  
  37  3:13  Zergling x2  
  37  3:16  Drone x2  
  39  3:24  Queen  
  40  3:37  Drone x2, Zergling x2  
  40  3:39  Overlord  
  43  3:46  Baneling  
  43  3:47  Baneling  
  42  3:51  Zergling x2  
  42  3:54  Drone  
  42  3:55  Drone x5  
  49  3:56  Overlord  
  49  4:00  Extractor  
  48  4:03  Roach Warren  
  48  4:04  Drone  
  48  4:07  Extractor  
  47  4:11  Baneling x2  
  47  4:13  Zergling x2  
  47  4:14  Zergling x2  
  49  4:21  Drone  
  49  4:22  Zergling x10  
  55  4:26  Baneling x2  
  53  4:34  Zergling x4  
  53  4:35  Zergling x4  
  53  4:38  Drone x4  
  61  4:55  Roach x2  
  61  4:56  Overlord x2  
  61  4:59  Lair  
  65  5:03  Overlord, Evolution Chamber  
  65  5:04  Drone  
  65  5:19  Roach x5  
  73  5:23  Overlord  
  73  5:29  Zerg Missile Weapons Level 1  
  73  5:30  Roach x2  
  77  5:40  Roach x4  
  85  5:43  Baneling x4  
  85  5:47  Roach  
  81  5:50  Roach  
  81  6:05  Drone x7  
  81  6:10  Glial Reconstitution  
  88  6:12  Roach  
  88  6:13  Roach x3  
  88  6:17  Overlord  
  88  6:25  Roach  
  88  6:26  Roach x2  
  88  6:27  Roach, Zergling x2  
  85  6:46  Roach  
  95  6:47  Roach x4, Zergling x12  
  95  6:51  Drone  
  99  6:56  Drone  
  99  6:57  Drone  
  101  7:03  Drone  
  101  7:04  Drone x2  
  104  7:16  Roach  
  104  7:19  Overlord x3  
  106  7:25  Overlord  
  106  7:26  Drone  
  103  7:31  Drone  
  103  7:36  Overlord x2  
  103  7:37  Drone, Zerg Missile Weapons Level 2  
  103  7:38  Drone x4  
  103  7:39  Drone x2  
  103  7:44  Extractor  
  109  7:46  Drone, Evolution Chamber  
  109  7:50  Drone  
  109  7:51  Drone x3  
  107  7:55  Roach x2  
  99  8:01  Hatchery  
  99  8:02  Drone x2  
  92  8:08  Roach x5  
  92  8:12  Zerg Ground Armor Level 1  
  97  8:16  Roach x2  
  92  8:20  Overseer  
  92  8:22  Roach x3  
  92  8:23  Overlord  
  96  8:28  Extractor  
  96  8:30  Roach x3  
  101  8:35  Overlord  
  101  8:37  Roach x3  
  107  8:42  Roach x2  
  107  8:43  Roach  
  113  8:50  Roach x4  
  113  8:51  Extractor  
  120  9:00  Roach x4  
  120  9:02  Ravager x2  
  130  9:08  Roach  
  130  9:09  Roach x3  
  138  9:14  Roach x3  
  144  9:21  Roach x4  
  152  9:28  Roach  
  152  9:29  Roach x3  
  160  9:37  Roach x4  
  160  9:38  Overlord  
  168  9:40  Overlord  
  168  9:43  Overlord  
  168  9:46  Roach  
  168  9:49  Roach x2  
  168  9:51  Roach  
Show
View Real Time Build Order
Export as new Build Order

Stephano Zerg 

Build Orders: Hatch First 

Get SALT Encoding   

  12  0:00  Drone  
  13  0:12  Overlord  
  13  0:18  Drone  
  14  0:31  Drone x2  
  14  0:34  Drone  
  17  0:53  Hatchery  
  17  0:55  Drone  
  17  0:57  Drone  
  18  1:08  Extractor  
  17  1:12  Spawning Pool  
  17  1:14  Drone  
  17  1:17  Drone  
  18  1:28  Drone  
  19  1:39  Overlord  
  19  1:50  Drone  
  20  1:58  Queen  
  20  2:00  Zergling x2  
  23  2:04  Queen  
  23  2:05  Zergling x2  
  23  2:07  Metabolic Boost  
  26  2:11  Drone  
  27  2:16  Drone  
  28  2:23  Drone  
  28  2:28  Drone  
  30  2:35  Baneling Nest  
  30  2:37  Drone  
  30  2:44  Hatchery  
  29  2:47  Zergling x2  
  30  2:53  Queen  
  30  2:57  Overlord  
  32  3:06  Zergling x4  
  32  3:08  Drone x2  
  36  3:13  Overlord  
  36  3:15  Zergling x2  
  36  3:22  Zergling x6  
  38  3:27  Baneling x2  
  38  3:28  Drone  
  38  3:30  Drone  
  38  3:33  Drone  
  41  3:35  Drone  
  41  3:36  Drone  
  43  3:44  Zergling x2  
  43  3:51  Overlord  
  43  3:55  Baneling  
  43  3:56  Zergling x2  
  43  3:57  Zergling x8  
  43  3:58  Drone x2  
  50  4:04  Extractor, Overlord  
  48  4:12  Drone  
  48  4:15  Roach Warren  
  48  4:20  Drone x2  
  47  4:34  Overlord  
  47  4:35  Drone x3, Overlord  
  47  4:37  Drone  
  51  4:41  Baneling x2, Overlord  
  49  4:57  Roach x7  
  62  5:03  Roach x2  
  62  5:05  Roach  
  68  5:09  Roach  
  70  5:16  Spore Crawler  
  70  5:17  Roach x2  
  70  5:18  Zergling x2  
  70  5:19  Zergling x2  
  75  5:25  Roach x3  
  82  5:29  Zergling x6  
  85  5:36  Zergling x6  
  85  5:37  Zergling x2  
  89  5:46  Zergling x2  
  89  5:47  Zergling x2  
  89  5:48  Overlord  
  90  5:50  Baneling x4  
  90  5:52  Overlord  
  84  6:05  Zergling x18  
  84  6:06  Baneling  
  84  6:07  Baneling  
  84  6:09  Baneling x2  
  84  6:10  Zergling x2  
  89  6:13  Zergling x4  
  90  6:25  Zergling x10  
  86  6:27  Zergling x6  
  78  6:36  Roach x2  
  75  6:40  Drone x5  
  75  6:45  Drone x2  
  77  7:00  Drone  
  77  7:01  Drone x4  
  75  7:02  Drone, Lair  
  75  7:05  Evolution Chamber  
  74  7:15  Roach x6  
  86  7:18  Roach  
  86  7:24  Roach  
  86  7:25  Roach x2  
  86  7:28  Roach x2  
  93  7:33  Roach  
  93  7:37  Zergling x8  
  90  7:41  Zergling x6  
  94  7:48  Roach x3  
  94  7:53  Roach  
  94  7:56  Roach  
  83  8:02  Roach  
  83  8:04  Zergling x2  
  77  8:09  Drone  
  77  8:10  Drone, Overlord  
  71  8:13  Drone x5  
  71  8:14  Extractor  
  71  8:16  Drone x3  
  71  8:18  Drone  
  71  8:23  Queen  
  71  8:25  Drone x2  
  71  8:26  Extractor  
  74  8:35  Drone  
  74  8:36  Drone x6, Overlord  
  74  8:39  Glial Reconstitution  
  81  8:44  Extractor  
  80  8:51  Roach  
  80  8:52  Roach x2  
  86  8:58  Roach x3  
  86  8:59  Extractor  
  91  9:04  Baneling  
  91  9:05  Baneling  
  91  9:06  Roach x2  
  95  9:11  Overlord  
  95  9:13  Overlord  
  95  9:19  Roach x3  
  95  9:20  Roach  
  103  9:27  Overlord  
  103  9:30  Roach x4  
  111  9:36  Roach x3  
  117  9:47  Roach x2  
  117  9:51  Overlord  
  121  9:54  Roach  
  121  9:58  Roach x2  
  121  9:59  Ravager  
  129  10:00  Ravager  
  129  10:07  Roach  
Tags
 
Add a new tag
Caveats
  • Supply blocks, unpowered buildings, or Contaminate may cause inaccurate times.
  • Supply counts are checked every 10 seconds.